 Dungeon Crawl Stone Soup version 0.28.0-53-g5a82cb258f (webtiles) character file.

Game seed: 939105893906638592

168 SanguineChosen the Cudgeller (level 5, -6/33 HPs)
             Began as a Gargoyle Monk on June 28, 2022.
             Killed by divine providence
             ... invoked by an orc priest
              (15 damage)
             ... on level 4 of the Dungeon.
             The game lasted 00:16:27 (4861 turns).

SanguineChosen the Cudgeller (Gargoyle Monk)        Turns: 4861, Time: 00:16:27

Health: -6/33      AC:  7    Str: 16    XL:     5   Next: 48%
Magic:  5/5        EV: 12    Int: 17    God:
Gold:   94         SH:  5    Dex: 12    Spells: 4/4 levels left

rFire   . . .      SeeInvis .   t - +2 flail (protect)
rCold   . . .      Faith    .   (no shield)
rNeg    + . .      Spirit   .   b - +0 robe
rPois   ∞          Reflect  +   (no helmet)
rElec   +          Harm     .   (no cloak)
rCorr   .          Rampage  .   (no gloves)
Will    .....                   k - +0 pair of boots
Stlth   ++........              s - amulet of reflection
HPRegen 0.11/turn               g - +6 ring of intelligence
MPRegen 0.09/turn               (no ring)

@: hasted, very quick
A: sickness immunity, AC +4, negative energy resistance 1, electricity
resistance, torment resistance 1, petrification resistance
a: no special abilities


You were on level 4 of the Dungeon.
You visited 1 branch of the dungeon, and saw 4 of its levels.

You collected 94 gold pieces.

Inventory:

Hand Weapons
 a - a +0 mace
 j - the +7 dagger of the Cup {elec, *Noise +Blink Dex+4 Stlth+}
   (You found it on level 2 of the Dungeon)

   It occasionally discharges a powerful burst of electricity upon striking a
   foe.
   Dex:       It affects your dexterity (+4).
   +Blink:    It lets you blink.
   *Noise:    It may make noises in combat.
   Stlth:     It makes you more stealthy.
 t - a +2 flail of protection (weapon)
Armour
 b - a +0 robe (worn)
 k - a +0 pair of boots (worn)
Jewellery
 g - a +6 ring of intelligence (left hand)
 s - an amulet of reflection (around neck)
Wands
 n - a wand of flame (3)
Scrolls
 e - a scroll of brand weapon {unknown}
 f - 3 scrolls of teleportation {unknown}
 h - 2 scrolls of magic mapping {unknown}
 i - 3 scrolls of identify {unknown}
 l - a scroll of fog {unknown}
 m - a scroll of blinking {unknown}
 o - a scroll of vulnerability {unknown}
 p - 2 scrolls of immolation {unknown}
 q - 2 scrolls of fear {unknown}
 r - a scroll of enchant armour {unknown}
Potions
 c - 2 potions of cancellation {unknown}


   Skills:
 * Level 3.8 Fighting
 + Level 0.6 Short Blades
 * Level 4.2 Maces & Flails
 * Level 2.2 Armour
 + Level 2.8 Dodging
 + Level 3.1 Stealth
 + Level 0.4 Evocations


You had 4 spell levels left.
You didn't know any spells.
Your spell library was empty.

Dungeon Overview and Level Annotations

Branches:
Dungeon (4/15)
 Temple: D:4-7

Altars:
Ashenzari

Shops:
D:1 =[:(   D:2 [[=*[   D:4 :?


Innate Abilities, Weirdness & Mutations

You are immune to sickness and miasma.
Your stone body is resilient. (AC +4)
You are immune to poison.
You resist negative energy. (rN+)
You are resistant to electric shocks. (rElec)
You are resistant to unholy torment.
You are immune to petrification.


Message History

The orc shouts!
The orc closely misses you.
You hit the orc priest.
Your weapon exudes an aura of protection.
The orc priest is lightly wounded.
The orc priest casts a cantrip, but nothing happens.
You barely miss the orc priest.
The orc priest is lightly wounded.
You block the orc priest's attack. You block the orc's attack.
The orc priest looks braver for a moment.
The orc priest hits you but does no damage.
You open the door.
Found Ygoa's Magic Scroll Shoppe.
You barely miss the orc. The orc hits you but does no damage.
The orc hits you with a +0 hand axe.
You sock the orc!
Your weapon exudes an aura of protection.
You kill the orc!
The orc priest begins to cast a cantrip, but forgets the words!
The orc closely misses you. The orc hits you with a +1 vorpal mace.
There is an open door, spattered with blood here.
Items here: $ ( ) †.
There is an entrance to Ygoa's Magic Scroll Shoppe here.
You hit the orc priest.
Your weapon exudes an aura of protection.
The orc priest is moderately wounded.
The orc priest barely misses you.
Aiming: Throw Flame
Press: ? - help, Q - select action Shift-Dir - straight line, f/p - orc priest
Aim: an orc priest, wielding a +0 dagger and wearing a +0 leather armour (moderately wounded, 68% to hit)
The puff of flame hits the orc priest.
The orc priest is severely wounded.
The orc priest hits you with a +0 dagger.
* * * LOW HITPOINT WARNING * * *
The orc curses noisily, as Orcs often do.
It was a potion of haste.
You feel yourself speed up.
The orc priest invokes the aid of Beogh against you.
Beogh smites you!
You die...

......###....#....... #
..#..#....##.......
#######...........#.....
+......#.......<.##.....
#.......................
##.......##.............
.##.......##...oo.......
##......##>..#o#......
...##.....##...#@# .##..
....##.........### #
.....####......[......
#..###.###............
...#...#..............
.##............>....##
≈≈#..###............#
≈≈≈.......##.......##
⌠≈≈..###..##......##


You could see an orc priest and 2 orcs.

Vanquished Creatures
  A hound (D:3)
  2 hound skeletons (D:4)
  4 gnolls (D:4)
  An adder skeleton (D:4)
  A worm (D:2)
  2 orcs
  8 ball pythons
  7 bats
  4 endoplasms
  4 giant cockroaches
  3 goblins (D:1)
  3 hobgoblins
  7 jackals (D:1)
  7 kobolds
  4 quokkas
  4 frilled lizards
  3 rats
65 creatures vanquished.

Vanquished Creatures (others)
  A plant (D:2)
1 creature vanquished.

Grand Total: 66 creatures vanquished

Notes
Turn   | Place    | Note
-------+----------+-------------------------------------------
     0 | D:1      | SanguineChosen the Gargoyle Monk began the quest for the
                  | Orb.
     0 | D:1      | Reached XP level 1. HP: 14/14 MP: 1/1
   254 | D:1      | Found Xuonec Xuno's Weapon Shoppe.
   273 | D:1      | Reached XP level 2. HP: 16/19 MP: 2/2
   565 | D:1      | Found Ifrokl Gecwi's Antique Armour Emporium.
  1018 | D:1      | Found Geceut's Jewellery Emporium.
  1019 | D:1      | Found a faded altar of an unknown god.
  1719 | D:1      | Found Sueloumn's Book Shoppe.
  1763 | D:1      | Reached XP level 3. HP: 22/23 MP: 3/3
  2237 | D:2      | Found Wumairro's Armour Shop.
  2665 | D:2      | Found Ofougaoh's Jewellery Boutique.
  2677 | D:2      | Reached skill level 1 in Armour
  2842 | D:2      | Identified the +7 dagger of the Cup {elec, *Noise +Blink
                  | Dex+4 Stlth+}
  2908 | D:2      | Found Tepp's Antique Armour Emporium.
  3217 | D:2      | Found Camev's General Store.
  3537 | D:2      | Found Tananak's Armour Boutique.
  4241 | D:3      | Reached XP level 4. HP: 28/28 MP: 4/4
  4310 | D:3      | Reached skill level 4 in Maces & Flails
  4485 | D:3      | You fall into a shaft and drop 1 floor!
  4633 | D:4      | Found a broken altar of Ashenzari.
  4689 | D:4      | Found Qizue's Self-Improvement Boutique.
  4746 | D:4      | Reached XP level 5. HP: 33/33 MP: 5/5
  4854 | D:4      | Found Ygoa's Magic Scroll Shoppe.
  4861 | D:4      | Killed from afar by an orc priest

Illustrated notes

Levels and vault maps discovered:
D:1:      lemuel_arrival_tunnels, layout_loops_corners,
          hellmonk_ecumenical_altar_dog_temple, serial_shops, shop, shop,
          nicolae_shop_temple_entry_statues_fountains, nicolae_square_shop,
          minmay_tromino_v4_b
D:2:      wad_lake_hut, layout_basic, serial_shops, nicolae_shop_crystal,
          nicolae_shop_advertising_works [nicolae_subvault_shop_adworks],
          shop_fountains, nicolae_square_shop, nicolae_diamond_shop
D:3:      layout_basic
D:4:      minmay_wonky_spiral, layout_cave_pools,
          nicolae_ru_great_annihilating_truth, nicolae_ashenzari_panopticon,
          serial_shops, kennysheep_mini_moat, nicolae_shop_self_help

Skill      XL: |  1  2  3  4  5 |
---------------+----------------+-----
Armour         | 1 2 |  2.2
Maces & Flails | 4 |  4.2
Stealth        | 3 |  3.1
Fighting       | |  3.8
Short Blades   | |  0.6
Dodging        | |  2.8
Evocations     | |  0.4

Action                   |  1- 3 |  4- 6 || total
-------------------------+-------+-------++-------
Melee: Mace              |   106 |       ||   106
       Dagger            |    23 |    35 ||    58
       Flail             |       |    14 ||    14
Evoke: Wand              |       |     5 ||     5
  Use: Potion            |       |     1 ||     1
 Stab: Sleeping          |     9 |     3 ||    12
       Distracted        |       |     1 ||     1
Armor: Robe              |    55 |    19 ||    74
Dodge: Dodged            |   110 |    32 ||   142
Block: Other             |       |    10 ||    10
